 Dungeon Crawl Stone Soup version 0.26-a0-753-g4680b4fa2e (webtiles) character file.

Game seed: 18067196709135478212

58527 Chiseanne the Unseen (level 14, -5/61 HPs)
             Began as a Spriggan Wanderer on Nov 7, 2020.
             Was an Initiate of Gozag.
             Killed by divine providence
             ... invoked by a meliai
              (13 damage)
             ... on level 13 of the Dungeon.
             The game lasted 01:34:37 (21987 turns).

Chiseanne the Unseen (Spriggan Wanderer)           Turns: 21987, Time: 01:34:38

Health: -5/61      AC: 14    Str: 10    XL:     14   Next: 49%
Magic:  24/24      EV: 32    Int: 14    God:    Gozag
Gold:   2485       SH:  5    Dex: 18    Spells: 26/26 levels left

rFire    . . .     SeeInvis +   a - +2 short sword (venom)
rCold    + . .     Faith    .   (shield restricted)
rNeg     . . .     Spirit   .   f - +4 acid dragon scales
rPois    +         Reflect  +   (helmet restricted)
rElec    .         Harm     .   t - +2 cloak {rPois}
rCorr    +         Rampage  .   (gloves unavailable)
MR       ++...                  (boots unavailable)
Stlth    ++++++++..             d - amulet of reflection
HPRegen  0.20/turn              x - ring of protection from cold
MPRegen  0.19/turn              F - ring of stealth

@: very quick
A: very small, unfitting armour, see invisible, speed 3
a: Potion Petition, Call Merchant, Bribe Branch, Renounce Religion


You were on level 13 of the Dungeon.
You worshipped Gozag.
Gozag was most pleased with you.
You visited 2 branches of the dungeon, and saw 19 of its levels.

You collected 5487 gold pieces.
You spent 2373 gold pieces at shops.
You paid 629 gold pieces to Gozag.

Inventory:

Hand Weapons
 a - a +2 short sword of venom (weapon)
 s - a +1 short sword of electrocution
 w - the +10 hand crossbow of Kismet {penet, rF+}
   (You bought it in a shop on level 9 of the Dungeon)

   Ammo fired by it will pass through the targets it hits, potentially hitting
   all targets in its path until it reaches maximum range.
   It protects you from fire.
 z - a +0 vorpal quick blade
 E - a +0 hunting sling
 N - a +5 dagger of freezing
 O - a +2 scimitar of venom
Missiles
 e - 34 poisoned darts (quivered)
 k - 267 arrows
 q - 8 atropa-tipped darts
 y - 162 sling bullets
 B - 32 bolts
 L - 3 curare-tipped darts
 Q - 7 boomerangs
Armour
 f - +4 acid dragon scales (worn)
 i - a +2 robe of positive energy
 t - a +2 cloak of poison resistance (worn)
 G - the +0 robe of Hepliaklqana's Wrath {Rampage Slay+3 Stlth+}
   (You bought it in a shop on level 9 of the Dungeon)

   It affects your accuracy and damage with ranged weapons and melee attacks
   (+3).
   It bestows one free step when moving towards enemies.
   It makes you more stealthy.
 R - a scarf of shadows
Jewellery
 d - an amulet of reflection (around neck)
 x - a ring of protection from cold (left hand)
 F - a ring of stealth (right hand)
Wands
 g - a wand of paralysis (12)
 n - a wand of enslavement (15)
 D - a wand of digging (1)
 S - a wand of flame (16)
Scrolls
 b - 3 scrolls of fog
 r - 9 scrolls of teleportation
 u - 7 scrolls of blinking
 I - 5 scrolls of identify
 K - 7 scrolls of remove curse
 P - 2 scrolls of fear
Potions
 c - 4 potions of curing
 h - 2 potions of heal wounds
 j - 2 potions of cancellation
 l - 5 potions of magic
 m - a potion of berserk rage
 o - 4 potions of haste
 p - 3 potions of might
 v - 4 potions of flight
 A - 4 potions of mutation
 H - 10 potions of ambrosia
Miscellaneous
 C - a condenser vane (inert)
 J - a tin of tremorstones (2/2)
 M - a box of beasts (inert)


   Skills:
 - Level 1.0 Fighting
 - Level 10.0 Short Blades
   Level 1.0 Polearms
 - Level 5.5 Slings
 - Level 9.4 Crossbows
 * Level 3.8 Armour
 * Level 18.7 Dodging
 * Level 20.0 Stealth
 * Level 6.5 Spellcasting
 - Level 7.8 Evocations


You had 26 spell levels left.
You didn't know any spells.
Your spell library contained the following spells:

 Spells                   Type           Power        Failure   Level
 Sandblast                Erth           #.....       24%         1
 Sting                    Tmut/Pois      #...         24%         1
 Passwall                 Tmut/Erth      #.......     34%         2
 Ignite Poison            Fire/Tmut/Pois #.......     56%         3
 Inner Flame              Hex/Fire       #.......     56%         3
 Spider Form              Tmut/Pois      #.........   56%         3
 Stone Arrow              Conj/Erth      #.....       56%         3
 Petrify                  Tmut/Erth      #.......     93%         4
 Sticky Flame             Conj/Fire      #.......     93%         4
 Lee's Rapid Deconstruct  Erth           #.........   100%        5
 Metabolic Englaciation   Hex/Ice        #.........   100%        5
 Hydra Form               Tmut           #.........   100%        6
 Ozocubu's Refrigeration  Ice            #.........   100%        6
 Simulacrum               Ice/Necr       #.........   100%        6


Dungeon Overview and Level Annotations

Branches:
Dungeon (13/15)            Temple (0/1) D:6            Lair (6/6) D:9
  Snake (0/4) Lair:4        Slime (0/5) Lair:6          Orc (0/2) D:10
 Vaults (0/5) D:13
  Swamp: Lair:2-4    Shoals: Lair:2-4

Altars:
Gozag
Nemelex Xobeh
Sif Muna
Uskayaw
The Shining One
Beogh

Shops:
D:9 *}!([[

Annotations:
D:3 1 runed translucent door
D:11 2 transporters, Gargoyl's ghost, journeyman GnAK
Lair:6 2 runed translucent doors


Innate Abilities, Weirdness & Mutations

You are very small and have problems with some larger weapons.
You are too small for most types of armour.
You have supernaturally acute eyesight. (SInv)
You cover ground extremely quickly.


Message History

There is an open door here.
You now have 2485 gold pieces (gained 9).
A meliai comes into view. It is wielding a +0 hand axe.
A meliai comes into view. It is wielding a +0 war axe.
A meliai comes into view. It is wielding a +0 war axe.
The meliai buzzes angrily. x2
The meliai calls down the wrath of its god upon you.
Something smites you!
The meliai mumbles some strange prayers to its god against you.
Something smites you!
The meliai calls down the wrath of its god upon you.
Something smites you!
You hear an angry buzzing noise.
The meliai mumbles some strange prayers to its god against you.
Something smites you!
* * * LOW HITPOINT WARNING * * *
The meliai calls down the wrath of its god upon you.
Something smites you!
You die...
Your body crumbles into a pile of gold.

#...<........##...##.
+............##...##.
#............##)..##.
############.##..####
##########.##..'...
#.>..).).......#.##
#...)..........#...
.####+######################...
........y.....@................
..#....y.......#..###...###'###
.y.............#..###..........
...^...........................
###############################


You could see 2 meliai.

Vanquished Creatures
  A frost giant (D:12)
  A boulder beetle (D:12)
  8 hydras
  A catoblepas (Lair:6)
  A deep troll earth mage (D:12)
  3 death yaks (Lair:5)
  A deep troll (shapeshifter) (D:12)
  A lindwurm (Lair:6)
  2 unseen horrors (D:12)
  An orc knight (D:10)
  A deep elf mage (D:12)
  2 cyclopes
  2 manticores (D:12)
  A centaur zombie (D:13)
  Joseph (Lair:1)
  8 black mambas
  16 elephants
  12 cane toads
  2 molten gargoyles (Lair:6)
  2 gargoyles
  A torpor snail (Lair:6)
  A yaktaur (D:12)
  3 rime drakes
  9 komodo dragons
  A kobold demonologist (D:12)
  3 polar bears
  2 trolls
  A queen bee (Lair:2)
  9 blink frogs
  13 dream sheep
  A slime creature (D:12)
  A spriggan (Lair:2)
  31 yaks
  A shadow (D:12)
  9 wyverns
  A wraith (D:13)
  3 basilisks
  3 steam dragons
  5 nagas (Lair:4)
  2 acid dragons
  2 hell hounds (Lair:6)
  7 orc warriors
  10 water moccasins
  2 sky beasts
  3 soldier ants
  An eye of draining (D:12)
  3 black bears
  An ice beast (D:10)
  A phantom (D:8)
  5 ogres
  23 wolves
  11 centaurs
  3 big kobolds
  24 bullfrogs
  A gnoll sergeant (D:11)
  3 scorpions
  46 killer bees
  10 wights (D:11)
  2 electric eels (Lair:3)
  2 howler monkeys
  2 lava snakes (Lair:6)
  A bullfrog zombie (D:8)
  14 orc priests
  3 hounds
  A jelly (D:5)
  A bullfrog skeleton (D:12)
  14 orc wizards
  3 iguanas
  5 hell rats (Lair:5)
  7 worker ants
  A hound skeleton (D:7)
  A worker ant zombie (D:7)
  A howler monkey skeleton (D:9)
  4 gnolls (D:11)
  10 adders
  An ooze (D:3)
  An adder skeleton (D:4)
  2 worms
  6 dart slugs
  2 leopard geckos
  49 orcs
  A giant cockroach (D:2)
  5 goblins
  6 hobgoblins
  16 jackals
  5 quokkas
  4 bats
  2 frilled lizards (D:3)
  13 kobolds
  5 rats
513 creatures vanquished.

Vanquished Creatures (collateral kills)
  A black mamba (Lair:5)
  A polar bear (Lair:5)
  A steam dragon (Lair:6)
  2 lava snakes (Lair:6)
5 creatures vanquished.

Vanquished Creatures (others)
  2 dancing weapons (D:13)
  A wolf spider zombie (D:12)
  A hell hound (Lair:6)
  60 fungi
  88 plants
152 creatures vanquished.

Grand Total: 670 creatures vanquished

Notes
Turn   | Place    | Note
-------+----------+-------------------------------------------
     0 | D:1      | Chiseanne the Spriggan Wanderer began the quest for the
                  | Orb.
     0 | D:1      | Chiseanne set off with the following items: a +0 mace, a +2
                  | robe, a potion of curing, a +0 dagger
     0 | D:1      | Reached XP level 1. HP: 10/10 MP: 2/2
   381 | D:1      | Reached XP level 2. HP: 14/14 MP: 3/3
   399 | D:1      | Reached skill level 1 in Short Blades
   473 | D:2      | Reached skill level 5 in Stealth
   574 | D:2      | Reached skill level 5 in Dodging
   581 | D:2      | Reached XP level 3. HP: 18/18 MP: 4/4
   828 | D:3      | Reached XP level 4. HP: 22/22 MP: 5/5
   833 | D:3      | Found a glowing golden altar of the Shining One.
   834 | D:3      | Noticed an angel
   834 | D:3      | Found a runed translucent door.
  1079 | D:3      | Found a sparkling altar of Nemelex Xobeh.
  1079 | D:3      | Found an opulent altar of Gozag.
  1095 | D:3      | Became a worshipper of Gozag Ym Sagoz the Greedy
  1224 | D:4      | Reached skill level 1 in Slings
  1224 | D:4      | Reached skill level 6 in Stealth
  1300 | D:4      | Reached XP level 5. HP: 24/25 MP: 6/6
  1358 | D:3      | Found a hide-covered altar of Uskayaw.
  1359 | D:3      | Noticed a +0 hand axe
  1361 | D:3      | Noticed a +0 hand axe
  1475 | D:5      | Entered Level 5 of the Dungeon
  1554 | D:5      | Reached XP level 6. HP: 21/30 MP: 7/7
  1858 | D:5      | Reached skill level 7 in Stealth
  2088 | D:7      | Noticed a troll
  2126 | D:6      | Noticed a sky beast
  2147 | D:6      | Reached XP level 7. HP: 16/33 MP: 8/8
  2162 | D:6      | Reached skill level 8 in Stealth
  2745 | D:6      | Found a staircase to the Ecumenical Temple.
  2981 | D:7      | Reached skill level 5 in Short Blades
  3380 | D:7      | Reached XP level 8. HP: 21/37 MP: 9/9
  3552 | D:8      | Reached skill level 9 in Stealth
  3944 | D:8      | Noticed a cyclops
  4061 | D:8      | Killed a cyclops
  4061 | D:8      | Reached skill level 10 in Stealth
  4104 | D:8      | Found a shimmering blue altar of Sif Muna.
  4257 | D:8      | Reached skill level 10 in Dodging
  4257 | D:8      | Reached XP level 9. HP: 41/41 MP: 10/10
  4299 | D:8      | Reached skill level 5 in Slings
  4628 | D:9      | Noticed a troll
  4674 | D:8      | Killed a troll
  4674 | D:8      | Reached skill level 11 in Stealth
  4921 | D:9      | Found Qyuman's Antique Weapon Boutique.
  4977 | D:9      | Bought a pitted hand crossbow for 229 gold pieces
  4977 | D:9      | Bought a quick blade for 405 gold pieces
  4985 | D:9      | Identified the +10 hand crossbow of Kismet {penet, rF+}
                  | (You bought it in a shop on level 9 of the Dungeon)
  4993 | D:9      | Found Virghi Seso's Gadget Shoppe.
  5027 | D:9      | Found Esallal's Distillery.
  5030 | D:9      | Bought a potion of flight for 42 gold pieces
  5030 | D:9      | Bought a potion of berserk rage for 70 gold pieces
  5101 | D:9      | Reached skill level 1 in Crossbows
  5128 | D:9      | Found Tucovaf's Antique Armour Shoppe.
  5433 | D:9      | Found Orphul Lane's Changing Room.
  5477 | D:9      | Bought a potion of mutation for 112 gold pieces
  5635 | D:9      | Reached skill level 12 in Stealth
  5650 | D:9      | Noticed a komodo dragon
  5681 | D:9      | Killed a komodo dragon
  5681 | D:9      | Reached XP level 10. HP: 37/45 MP: 11/11
  5734 | D:9      | Found a staircase to the Lair.
  5760 | Lair:1   | Entered Level 1 of the Lair of Beasts
  5858 | Lair:1   | Noticed Joseph
  5956 | Lair:1   | Killed Joseph
  6223 | Lair:1   | Noticed a cane toad
  6350 | Lair:1   | Killed a cane toad
  6350 | Lair:1   | Reached skill level 13 in Stealth
  7193 | Lair:1   | Reached skill level 5 in Crossbows
  7817 | Lair:2   | Noticed a cane toad
  7847 | Lair:2   | Killed a cane toad
  7985 | Lair:2   | Reached XP level 11. HP: 36/49 MP: 12/12
  8257 | D:9      | Bought a brightly glowing robe for 182 gold pieces
  8268 | D:9      | Identified the cursed +0 robe of Hepliaklqana's Wrath
                  | {Rampage Slay+3 Stlth+} (You bought it in a shop on level 9
                  | of the Dungeon)
  8714 | Lair:2   | Reached skill level 14 in Stealth
  8745 | Lair:2   | Reached skill level 10 in Short Blades
  9532 | Lair:3   | Identified the Almanac of the Glacier and Shape Shifting
  9557 | Lair:3   | Identified the Tome of Glacial Flames
  9663 | Lair:3   | Reached skill level 15 in Stealth
 10128 | Lair:4   | Found a gate leading to a gauntlet.
 10370 | Lair:4   | Reached XP level 12. HP: 42/53 MP: 13/13
 10819 | Lair:4   | Found a staircase to the Snake Pit.
 10846 | Lair:4   | Reached skill level 15 in Dodging
 10846 | Lair:4   | Reached skill level 16 in Stealth
 11614 | Lair:5   | Noticed a seven-headed hydra
 11630 | Lair:5   | Killed a seven-headed hydra
 11993 | Lair:5   | Reached skill level 17 in Stealth
 12167 | Lair:5   | Noticed a death yak
 12169 | Lair:5   | Noticed a death yak
 12170 | Lair:5   | Noticed a death yak
 12173 | Lair:5   | Killed a death yak
 12206 | Lair:5   | Killed a death yak
 12211 | Lair:5   | Killed a death yak
 12225 | Lair:5   | Noticed a six-headed hydra
 12533 | Lair:6   | Entered Level 6 of the Lair of Beasts
 12847 | Lair:6   | Noticed an eight-headed hydra
 12854 | Lair:6   | Found a staircase to the Slime Pits.
 12855 | Lair:6   | Reached XP level 13. HP: 56/56 MP: 14/14
 12915 | Lair:5   | Reached skill level 5 in Evocations
 13086 | Lair:6   | Reached skill level 18 in Stealth
 14972 | Lair:6   | Reached skill level 1 in Spellcasting
 15647 | D:9      | Bought shiny acid dragon scales for 1333 gold pieces
 16196 | Lair:6   | Reached skill level 19 in Stealth
 16339 | Lair:6   | Reached skill level 1 in Armour
 16747 | Lair:6   | Noticed a fire dragon
 16802 | Lair:6   | Found a large runed translucent door.
 16803 | Lair:6   | Found a large runed translucent door.
 17006 | D:10     | Entered Level 10 of the Dungeon
 17050 | D:10     | Found a runed translucent door.
 17515 | D:10     | Found a roughly hewn altar of Beogh.
 17625 | D:10     | Found a staircase to the Orcish Mines.
 18187 | D:11     | Found a transporter.
 18190 | D:11     | Found a transporter.
 18190 | D:11     | Noticed Gargoyl's ghost (journeyman GnAK)
 19040 | D:12     | Reached XP level 14. HP: 61/61 MP: 21/21
 19483 | D:12     | Reached skill level 5 in Spellcasting
 19778 | D:12     | Noticed a ghost moth
 19778 | D:12     | a goliath frog changed into a ghost moth
 19793 | D:12     | a ghost moth changed into a spark wasp
 19999 | D:12     | Noticed a frost giant
 20013 | D:12     | Noticed a war gargoyle
 20327 | D:11     | HP: 3/61 [war gargoyle/cursed +0 dire flail (19)]
 20631 | D:12     | Killed a frost giant
 21735 | D:13     | Found a gate to the Vaults.
 21765 | D:13     | Reached skill level 20 in Stealth
 21987 | D:13     | Killed from afar by a meliai

Illustrated notes

Levels and vault maps discovered:
D:1:      minmay_arrival_jagged, layout_basic
D:2:      minmay_door_path, layout_basic
D:3:      layout_loops_cross, grunt_temple_overflow_opulence,
          cheibriados_altar_1, dancing_weapons_uskayaw, lemuel_angel_altar
D:4:      layout_loops_corners, old_standard_altar, lightli_sewer_entry_pipes,
          serial_shops, nicolae_shop_competitors_out_of_business, fedhas_altar_1
D:5:      layout_basic, serial_bayou_pond_c
D:6:      kennysheep_slugbush, layout_loops_corners, hangedman_ru_absence,
          minmay_temple_entry_proselytizer, serial_shops, shop_statue
D:7:      layout_basic, kennysheep_mini, lemuel_crystal_altar
D:8:      layout_cave_pools, basic_altar
D:9:      layout_rooms, erik_lair_dragon, serial_shops, nicolae_shop_waterfront,
          nicolae_shop_behind_doors, shop, nicolae_shop_behind_doors,
          nicolae_transmutations_shop
D:10:     layout_rooms, orc_0_dummy, lightli_church_of_beogh
D:11:     layout_stronghold, gammafunk_ghost_hive
D:12:     thingy_vault, layout_basic
D:13:     layout_stronghold, erik_vaults_1
Lair:1:   layout_loops_ring, serial_bayou_pond_e, lemuel_fruit_tree, uniq_joseph
Lair:2:   layout_misc_corridors, special_room [special_room_bee], st_stairs_3,
          grunt_forest_stairs_clearing
Lair:3:   layout_small_grid, minmay_swamp_entry_worms, serial_bayou_lake_a,
          grunt_megastairs_5
Lair:4:   layout_regular_city, minmay_snake_entry_guardpost_medium,
          gauntlet_entry_generic
Lair:5:   layout_roguey
Lair:6:   cheibrodos_lair_end_hotspot, layout_concentric_octagons, slime_dummy

Skill      XL: |  1  2  3  4  5  6  7  8  9 10 11 12 13 14 |
---------------+-------------------------------------------+-----
Short Blades   | 1 2 3 4 5 6 8 9 10 | 10.0
Stealth        | 5 6 7 8 10 12 13 15 17 19 20 | 20.0
Dodging        | 5 6 7 8 10 11 12 14 16 18 | 18.7
Slings         | 1 2 3 4 5 |  5.5
Crossbows      | 3 5 7 9 |  9.4
Evocations     | 4 7 |  7.8
Spellcasting   | 4 6 |  6.5
Armour         | 2 3 |  3.8
Fighting       | |  1.0
Polearms       | |  1.0

Action                   |  1- 3 |  4- 6 |  7- 9 | 10-12 | 13-15 || total
-------------------------+-------+-------+-------+-------+-------++-------
Melee: Dagger            |    20 |       |       |       |     8 ||    28
       Short sword       |    70 |    87 |   210 |   627 |   984 ||  1978
       Falchion          |       |       |     3 |       |       ||     3
       Scimitar          |       |       |       |       |     2 ||     2
 Fire: Hunting sling     |       |    14 |    20 |       |       ||    34
       Hand crossbow     |       |       |    34 |   146 |   112 ||   292
Throw: Dart              |    19 |       |    44 |    38 |    76 ||   177
Invok: Call Merchant     |       |       |       |       |     1 ||     1
Evoke: Wand              |       |       |     4 |    15 |    31 ||    50
       Condenser vane    |       |       |       |     1 |     2 ||     3
       Box of beasts     |       |       |       |       |     3 ||     3
  Use: Scroll            |       |    10 |     6 |     9 |     5 ||    30
       Potion            |       |     1 |     1 |     4 |     6 ||    12
 Stab: Sleeping          |     4 |    10 |     6 |    10 |    32 ||    62
       Distracted        |       |     1 |     2 |     6 |    11 ||    20
       Invisible         |       |       |     2 |       |       ||     2
       Paralysed         |       |       |       |       |     1 ||     1
Armor: Robe              |    14 |    12 |    13 |    28 |    13 ||    80
       Acid dragon scale |       |       |       |       |    57 ||    57
Dodge: Dodged            |    84 |    68 |   169 |   536 |   819 ||  1676
Block: Other             |       |       |    27 |   102 |   163 ||   292
       Reflection        |       |       |       |       |     6 ||     6
       Rpst.: Falchion   |       |       |     1 |       |       ||     1

Table legend: (Time is in decaauts)
 A = Elapsed time spent in this place.
 B = Non-inter-level travel time spent in this place.
 C = Inter-level travel time spent in this place.
 D = Time resting spent in this place.
 E = Time spent auto-exploring this place.
 F = Levels seen in this place.
 G = Mean time per level.
                   A        B        C        D        E       F      G
               +--------+--------+--------+--------+--------+-----+--------+
         Total |  17245 |  16714 |    531 |   7651 |   1053 |  19 |  907.6 |
       Dungeon |   8451 |   8257 |    194 |   3071 |   1043 |  13 |  650.1 |
          Lair |   8794 |   8458 |    336 |   4579 |     10 |   6 | 1465.7 |
               +--------+--------+--------+--------+--------+-----+--------+

Top non-repeatable levels by time:
  Lair:6: 2525 daAuts
  Lair:1: 1748 daAuts
  Lair:5: 1735 daAuts
    D:12: 1112 daAuts
     D:8: 1090 daAuts
     D:9: 1088 daAuts
  Lair:4: 1044 daAuts
  Lair:2: 950 daAuts
    D:11: 944 daAuts
    D:10: 866 daAuts
  Lair:3: 790 daAuts
    D:13: 738 daAuts
     D:5: 562 daAuts
     D:7: 502 daAuts
     D:6: 413 daAuts
